 Dungeon Crawl Stone Soup version 0.32-a0-560-g4c7f4391e0 (webtiles) character file.

Game seed: 16875183068514769941

223 IdlyInterested the Shield-Bearer (level 5, -8/41 HPs)
             Began as a Demonspawn Fighter on Feb 29, 2024.
             Splashed by a jelly's acid (9 damage)
             ... on level 4 of the Dungeon.
             The game lasted 00:07:40 (2290 turns).

IdlyInterested the Shield-Bearer (DsFi)             Turns: 2290, Time: 00:07:41

Health: -8/41      AC: -11   Str: 18    XL:     5   Next: 66%
Magic:  5/5        EV:  9    Int:  9    God:
Gold:   137        SH:  5    Dex: 12    Spells: 4/4 levels left

rFire   . .          .
                       - Unarmed
rCold   . . .        b - +0 buckler
rNeg    . . .        a - +0 scale mail
rPois   .            (no helmet)
rElec   .            s - +1 cloak
rCorr   .            (no gloves)
SInv    .            (no boots)
Will    .....        r - amulet of regeneration Stlth
                     (no ring)
HPRegen 1.06/turn    (no ring)
MPRegen 0.09/turn

%: no passive effects
@: corroded
A: weakness stinger 2
a: no special abilities


You were on level 4 of the Dungeon.
You visited 1 branch of the dungeon, and saw 4 of its levels.

You collected 137 gold pieces.

Inventory:

Hand Weapons
 h - a +0 short sword
 j - a +0 dagger
 p - a +0 hand axe
 u - a +0 spear
 x - the +11 sling "Xiofein" {flame, rC+ Int+7 Dex-4}
   (You found it on level 3 of the Dungeon)

   Int+7:     It affects your intelligence (+7).
   Dex-4:     It affects your dexterity (-4).
   rC+:       It protects you from cold.
 z - a +2 dagger of speed
 B - a +0 flail
Missiles
 f - 22 stones (quivered)
 q - a throwing net
 v - 2 boomerangs
Armour
 a - a +0 scale mail (worn)
 b - a +0 buckler (worn)
 g - a +0 ring mail
 s - a +1 cloak (worn)
Jewellery
 r - an amulet of regeneration (around neck)
Talismans
 i - a flux talisman
Scrolls
 d - 2 scrolls of revelation {unknown}
 l - a scroll of amnesia {unknown}
 n - a scroll of silence
 t - a scroll of fear
 y - a scroll of identify
 A - a scroll of torment {unknown}
Potions
 e - a potion of resistance {unknown}
 k - a potion of invisibility {unknown}
 o - a potion of ambrosia {unknown}
 w - a potion of curing {unknown}


   Skills:
 - Level 3.3 Fighting
 - Level 3.0 Throwing
 - Level 3.0 Armour
 + Level 1.1 Dodging
 + Level 4.1 Shields
 - Level 2.0 Unarmed Combat


You had 4 spell levels left.
You didn't know any spells.
Your spell library contained the following spells:

 Spells                   Type           Power      Damage    Failure   Level
 Summon Ice Beast         Ice/Summ       0%         N/A       99%         3
 Summon Mana Viper        Hex/Summ       0%         N/A       100%        5
 Monstrous Menagerie      Summ           0%         N/A       100%        7


Dungeon Overview and Level Annotations

Branches:
Dungeon (4/15)
 Temple: D:4-7

Altars:
Sif Muna

Shops:
D:3 =


Innate Abilities, Weirdness & Mutations

You have a tail ending in a sharp stinger.


Message History

The stone hits the jelly but does no damage.
The jelly is moderately wounded.
The jelly hits you.
You are splashed with acid!
Throw: 23 stones
Press: ? - help, Q - select action, (/) - cycle Shift-Dir - straight line, f/p - jelly
Aim: a jelly (moderately wounded, 89% to hit)
You throw a stone.
The stone hits the jelly but does no damage.
The jelly is moderately wounded.
The jelly hits you. The acid corrodes you!
You are splashed with acid!
You hit the jelly but do no damage.
Your hands burn!
* * * LOW HITPOINT WARNING * * *
The jelly is moderately wounded.
You block the jelly's attack.
You hit the jelly. The acid corrodes you!
Your hands burn!
* * * LOW HITPOINT WARNING * * *
The jelly is heavily wounded.
The jelly hits you.
* * * LOW HITPOINT WARNING * * *
You are splashed with acid!
* * * LOW HITPOINT WARNING * * *
You feel much better. The jelly hits you.
You are splashed with acid!
Okay, then.
Throw: 2 boomerangs
Press: ? - help, Shift-Dir - straight line, f/p - jelly
Aim: a jelly (heavily wounded, 89% to hit)
You throw a boomerang. The boomerang hits the jelly.
The jelly is almost dead.
The jelly hits you. The acid corrodes you!
You are splashed with acid!
* * * LOW HITPOINT WARNING * * *
Throw: 2 boomerangs
Press: ? - help, Shift-Dir - straight line, f/p - jelly
Aim: a jelly (almost dead, 89% to hit)
You throw a boomerang.
The boomerang hits the jelly but does no damage.
The jelly is almost dead.
The jelly hits you.
* * * LOW HITPOINT WARNING * * *
You are splashed with acid!
You die...

#.# #.#
#.# ###
#.# #..
#.# #.#
#.# #.#
#.#####.#
#......J#
#######@#
#.# #.#
#.. ###


You could see a jelly.

Vanquished Creatures
  Crazy Yiuf (D:2)
  A hound zombie (D:3)
  A hound skeleton (D:3)
  3 gnolls (D:3)
  4 adders
  2 adder skeletons (D:3)
  An adder zombie (D:3)
  5 dart slugs
  3 ribbon worms (D:2)
  3 orcs (D:3)
  4 ball pythons
  5 bats
  6 endoplasms
  A giant cockroach (D:1)
  2 hobgoblins
  6 jackals
  A quokka (D:2)
  2 ball python zombies (D:3)
  4 frilled lizards
  8 goblins
  6 kobolds
  8 rats
77 creatures vanquished.

Notes
Turn   | Place    | Note
-------+----------+-------------------------------------------
     0 | D:1      | IdlyInterested the Demonspawn Fighter began the quest for
                  | the Orb.
     0 | D:1      | Reached XP level 1. HP: 18/18 MP: 1/1
   266 | D:1      | Gained mutation: You have a small tail. [demonic ancestry]
   266 | D:1      | Reached XP level 2. HP: 24/24 MP: 2/2
   391 | D:1      | Reached skill level 3 in Shields
   727 | D:2      | Reached XP level 3. HP: 25/29 MP: 3/3
   753 | D:2      | Reached skill level 1 in Throwing
   852 | D:2      | Found a shimmering blue altar of Sif Muna.
  1233 | D:2      | Found a runed translucent door.
  1234 | D:2      | Noticed Crazy Yiuf
  1278 | D:2      | Gained mutation: You have a tail ending in a sharp stinger.
                  | [demonic ancestry]
  1278 | D:2      | Reached XP level 4. HP: 35/35 MP: 4/4
  1484 | D:2      | Killed Crazy Yiuf
  1734 | D:3      | Identified the +11 sling "Xiofein" {flame, rC+ Int+7 Dex-4}
  1761 | D:3      | Reached XP level 5. HP: 41/41 MP: 5/5
  1915 | D:3      | Found Torenei's Jewellery Boutique.
  2016 | D:3      | Reached skill level 4 in Shields
  2122 | D:3      | Reached skill level 1 in Dodging
  2271 | D:4      | Identified the +0 leather armour "Ymanoumepn" {Harm Str-2
                  | Int+3 Dex+2}
  2280 | D:4      | HP: 1/41 [acid (12)]
  2287 | D:4      | HP: 1/41 [acid (8)]
  2290 | D:4      | Splashed by a jelly's acid

Illustrated notes

Levels and vault maps discovered:
D:1:      minmay_arrival_wavy_path, layout_basic
D:2:      layout_rooms, basic_altar, kennysheep_crisscross,
          uniq_crazy_yiuf_cottage
D:3:      layout_rooms, serial_shops, nicolae_diamond_shop, serial_undead,
          serial_undead_b, serial_undead_f, serial_undead_f, serial_undead_d,
          serial_undead_f, serial_undead_c, st_stairs_7,
          kennysheep_generic_room_2
D:4:      layout_loops_corners, ebering_ghost_sewer_f

Skill      XL: |  1  2  3  4  5 |
---------------+----------------+-----
Unarmed Combat | 2 |  2.0
Armour         | 3 |  3.0
Shields        | 3 4 |  4.1
Throwing       | 1 2 3 |  3.0
Dodging        | 1 |  1.1
Fighting       | |  3.3

Action                     |  1- 3 |  4- 6 || total
---------------------------+-------+-------++-------
  Melee: Unarmed           |   189 |   147 ||   336
         Tailslap          |    14 |    26 ||    40
  Throw: Stone             |       |     9 ||     9
         Boomerang         |       |     2 ||     2
    Use: Scroll            |       |     2 ||     2
         Potion            |       |     3 ||     3
 Armour: Scale mail        |   121 |   114 ||   235
  Dodge: Dodged            |    88 |    64 ||   152
  Block: Buckler           |    35 |    17 ||    52

Table legend: (Time is in decaauts)
 A = Elapsed time spent in this place.
 B = Non-inter-level travel time spent in this place.
 C = Inter-level travel time spent in this place.
 D = Time resting spent in this place.
 E = Time spent auto-exploring this place.
 F = Levels seen in this place.
 G = Mean time per level.
                   A        B        C        D        E       F      G
               +--------+--------+--------+--------+--------+-----+--------+
         Total |   2292 |   2140 |    152 |    195 |   1147 |   4 |  573.0 |
       Dungeon |   2292 |   2140 |    152 |    195 |   1147 |   4 |  573.0 |
               +--------+--------+--------+--------+--------+-----+--------+

Top non-repeatable levels by time:
     D:2: 890 daAuts
     D:1: 724 daAuts
     D:3: 652 daAuts
     D:4: 25 daAuts
